 Dungeon Crawl Stone Soup version 0.21-a0-638-g11b2e07010 (webtiles) character file.

74 Kaname the Conjurer (level 4, 15/30 HPs)
             Began as a Demonspawn Wizard on Dec 30, 2017.
             Quit the game on level 3 of the Dungeon.
             The game lasted 00:06:39 (1720 turns).

Kaname the Conjurer (Demonspawn Wizard)             Turns: 1720, Time: 00:06:40

Health: 15/30      AC:  4    Str:  7    XL:     4   Next: 10%
Magic:  4/8        EV: 12    Int: 20    God:
Gold:   162        SH:  0    Dex: 12    Spells: 3/9 levels left

rFire    . . .     SeeInvis .   r - +2 dagger (flame)
rCold    . . .     Gourm    .   (no shield)
rNeg     + . .     Faith    .   a - +0 robe
rPois    .         Spirit   .   l - +0 helmet (curse)
rElec    .         Reflect  .   (no cloak)
rCorr    .         Harm     .   (no gloves)
MR       .....                  (no boots)
Stlth    ++........             (no amulet)
HPRegen  0.10/turn              i - ring of positive energy
MPRegen  0.11/turn              (no ring)

@: no status effects
A: hooves 1, rugged brown scales 1
a: no special abilities


You were on level 3 of the Dungeon.
You were not hungry.

You visited 1 branch of the dungeon, and saw 3 of its levels.

You collected 162 gold pieces.

Inventory:

Hand Weapons
 r - a +2 dagger of flaming (weapon)
Missiles
 e - a throwing net
 n - 6 javelins (quivered)
Armour
 a - a +0 robe (worn)
 l - a cursed +0 helmet (worn)
Jewellery
 i - a ring of positive energy (left hand)
Wands
 p - a wand of random effects (64)
Scrolls
 f - 3 scrolls of identify
 k - a scroll of teleportation {unknown}
 m - a scroll of fog {unknown}
Potions
 b - 2 potions of brilliance
 g - 2 potions of flight
 h - a potion of berserk rage {unknown}
 j - a potion of mutation {unknown}
 q - 2 potions of haste
Books
 c - a book of Minor Magic

   Spells                             Type                      Level
   a - Magic Dart                     Conjuration                  1
   b - Blink                          Translocation                2
   c - Call Imp                       Summoning                    2
   d - Slow                           Hexes                        2
   e - Conjure Flame                  Conjuration/Fire             3
   f - Mephitic Cloud                 Conjuration/Poison/Air       3
Comestibles
 d - 5 rations


   Skills:
 - Level 1.7 Dodging
 - Level 1.7 Stealth
 - Level 3.0 Spellcasting
 + Level 3.3 Conjurations
   Level 1.0 Summonings
 - Level 1.0 Translocations
 - Level 1.0 Air Magic
 - Level 1.2 Poison Magic


You had 3 spell levels left.
You knew the following spells:

 Your Spells              Type           Power        Failure   Level  Hunger
a - Magic Dart            Conj           ###.         3%          1    None
b - Blink                 Tloc           N/A          14%         2    ##.....
c - Mephitic Cloud        Conj/Pois/Air  ##......     21%         3    ###....


Dungeon Overview and Level Annotations

Branches:
Dungeon (3/15)

Altars:


Innate Abilities, Weirdness & Mutations

You have large cloven feet.
You are partially covered in rugged brown scales. (AC +1, +3% HP)


Message History

The adder is heavily wounded.
Casting: Magic Dart
Confirm with . or Enter, or press ? or * to list all spells.
Aiming: Magic Dart
Press: ? - help, Shift-Dir - straight line, f/p - adder
Aim: an adder (heavily wounded)
The magic dart hits the adder.
The adder is almost dead.
The adder barely misses you. The adder bites you.
Casting: Magic Dart
Confirm with . or Enter, or press ? or * to list all spells.
Aiming: Magic Dart
Press: ? - help, Shift-Dir - straight line, f/p - adder
Aim: an adder (almost dead)
The magic dart hits the adder.
You kill the adder!
You have reached level 4!
You feel agile.
Your demonic ancestry asserts itself...
Rugged brown scales grow over part of your body.
Are you sure you want to abandon this character and quit the game? (Confirm with "yes".)

. #. #.########
#........#
##........#
#.........#
#.......(.# #### #
#.@#### ###...#..
#.....# ..<......
#.###.## #........
#.###..## #........
#.......###........
####......)........
......#(.###.......
#..##(..........###
#....#.......#....#


There were no monsters in sight!

Vanquished Creatures
  2 adders
  2 oozes (D:2)
  A dart slug (D:1)
  A leopard gecko (D:3)
  An orc (D:3)
  5 bats (D:1)
  4 giant cockroaches
  3 hobgoblins
  A quokka (D:3)
  A ball python (D:1)
  3 frilled lizards (D:1)
  8 goblins
  5 kobolds
  5 rats
  A fungus (D:1)
43 creatures vanquished.

Notes
Turn   | Place    | Note
-------+----------+-------------------------------------------
     0 | D:1      | Kaname the Demonspawn Wizard began the quest for the Orb.
     0 | D:1      | Reached XP level 1. HP: 13/13 MP: 4/4
   257 | D:1      | Gained mutation: You have large cloven feet. [demonic ancestry]
   257 | D:1      | Reached XP level 2. HP: 19/19 MP: 0/6
   261 | D:1      | Learned a level 2 spell: Blink
   638 | D:1      | Reached XP level 3. HP: 20/24 MP: 3/7
   643 | D:1      | Learned a level 3 spell: Mephitic Cloud
   644 | D:1      | Reached skill level 1 in Translocations
  1171 | D:2      | Reached skill level 1 in Poison Magic
  1395 | D:2      | Reached skill level 1 in Air Magic
  1719 | D:3      | Gained mutation: You are partially covered in rugged brown scales. (AC +1, +3% HP) [demonic ancestry]
  1719 | D:3      | Reached XP level 4. HP: 15/30 MP: 4/8
  1720 | D:3      | Quit the game

Vault maps used:
D:1:      co_arrival_random_square_maze, minmay_gold_behind_fungi
D:2:      serial_bayou_pond_a
D:3:      minmay_bisected

Skill      XL: |  1  2  3 |
---------------+----------+-----
Conjurations   | 2 3 |  3.3
Translocations | 1 |  1.0
Poison Magic   | 1 |  1.2
Air Magic      | 1 |  1.0
Dodging        | |  1.7
Stealth        | |  1.7
Spellcasting   | |  3.0
Summonings     | |  1.0

Action                   |  1- 3 |  4- 6 || total
-------------------------+-------+-------++-------
Melee: Short sword       |    34 |       ||    34
       Rapier            |    22 |       ||    22
       Dagger            |     6 |       ||     6
       Kick              |     3 |       ||     3
 Cast: Magic Dart        |    73 |     1 ||    74
  Use: Scroll            |     3 |       ||     3
  Eat: Chunk             |     2 |       ||     2
Armor: Robe              |     7 |       ||     7
Dodge: Dodged            |    37 |       ||    37

Table legend:
 A = Spawn XP
 B = Non-spawn XP
 C = Spawn XP percentage of total XP
 D = Spawn monster count
 E = Non-spawn monster count
 F = Spawn count percentage of total count
 G = Total turns spent on level
                    A         B        C        D         E        F      G
               +---------+---------+-------+---------+---------+-------+---------
         Total |       0 |     107 |   0.0 |       0 |      42 |   0.0 |  1720
               +---------+---------+-------+---------+---------+-------+---------
           D:1 |       0 |      45 |   0.0 |       0 |      27 |   0.0 |   963
           D:2 |       0 |      37 |   0.0 |       0 |       9 |   0.0 |   674
           D:3 |       0 |      25 |   0.0 |       0 |       6 |   0.0 |    83
               +---------+---------+-------+---------+---------+-------+---------
